 Dungeon Crawl Stone Soup version 0.24-a0-251-g44e327e (webtiles) character file.

Game seed: 10401579391800853433

58578 Inarius the Severer (level 14, -1/116 HPs)
             Began as a Demigod Fighter on Apr 16, 2019.
             Slain by Jorgrun
             ... wielding a +0 quarterstaff of crushing
              (3 damage)
             ... on level 11 of the Dungeon.
             The game lasted 00:40:39 (23538 turns).

Inarius the Severer (Demigod Fighter)              Turns: 23538, Time: 00:40:40

Health: -1/116     AC: 23    Str: 27    XL:     14   Next: 15%
Magic:  25/25      EV:  4    Int: 12    God:
Gold:   1424       SH: 17    Dex: 18    Spells: 13/13 levels left

rFire    + . .     SeeInvis .   B - +3 broad axe (flame)
rCold    . . .     Gourm    .   c - +0 shield
rNeg     . . .     Faith    .   J - +0 plate armour
rPois    +         Spirit   .   q - +0 helmet
rElec    .         Reflect  +   s - +2 cloak
rCorr    .         Harm     .   I - +2 pair of gloves {Dex+3}
MR       +....                  v - +0 pair of boots
Stlth    ..........             e - +4 amulet of reflection
HPRegen  0.29/turn              b - ring of poison resistance
MPRegen  0.19/turn              O - ring of protection from fire

@: grasped by roots, constricted
A: high mp 1
a: no special abilities


You were on level 11 of the Dungeon.
You were not hungry.

You visited 3 branches of the dungeon, and saw 18 of its levels.

You collected 1424 gold pieces.

Inventory:

Hand Weapons
 B - a +3 broad axe of flaming (weapon)
Missiles
 D - 10 javelins (quivered)
Armour
 c - a +0 shield (worn)
 q - a +0 helmet (worn)
 s - a +2 cloak (worn)
 v - a +0 pair of boots (worn)
 I - a +2 pair of gloves of dexterity (worn)
 J - a +0 plate armour (worn)
Jewellery
 b - a ring of poison resistance (left hand)
 e - a +4 amulet of reflection (around neck)
 o - an uncursed ring of protection from fire
 N - an uncursed amulet of regeneration
 O - a ring of protection from fire (right hand)
 W - an uncursed ring of see invisible
Wands
 d - a wand of acid (1)
 h - a wand of flame (47)
 u - a wand of digging (5)
 U - a wand of disintegration (7)
Scrolls
 j - a scroll of noise
 k - a scroll of enchant armour {unknown}
 l - 5 scrolls of teleportation
 n - 3 scrolls of magic mapping
 p - 12 scrolls of remove curse
 r - a scroll of vulnerability {unknown}
 C - a scroll of brand weapon
 F - 4 scrolls of blinking
 G - 3 scrolls of immolation {unknown}
 L - a scroll of fog {unknown}
 P - a scroll of holy word
Potions
 g - 2 potions of magic {unknown}
 i - 5 potions of flight
 t - 3 potions of haste
 w - 2 potions of brilliance {unknown}
 x - 4 potions of ambrosia
 z - 3 potions of mutation {unknown}
 A - 7 potions of curing
 E - 2 potions of berserk rage
 H - a potion of might
 K - a potion of cancellation
 M - a potion of agility
 R - a potion of resistance
Comestibles
 f - 26 rations


   Skills:
 + Level 8.4 Fighting
 * Level 15.8 Axes
   Level 0.2(10.6) Maces & Flails
 + Level 0.9 Throwing
 + Level 8.4 Armour
 - Level 0.8 Dodging
 - Level 0.5 Stealth
 + Level 9.7 Shields
 * Level 9.2 Evocations


You had 13 spell levels left.
You didn't know any spells.
Your spell library contained the following spells:

 Spells                   Type           Power        Failure   Level  Hunger
 Infusion                 Chrm           #...         99%         1    ##.....
 Magic Dart               Conj           #...         99%         1    ##.....
 Blink                    Tloc           N/A          100%        2    ###....
 Call Imp                 Summ           #.......     100%        2    ###....
 Shroud of Golubria       Chrm/Tloc      #.........   100%        2    ###....
 Slow                     Hex            #.......     100%        2    ###....
 Song of Slaying          Chrm           #.......     100%        2    ###....
 Conjure Flame            Conj/Fire      #.......     100%        3    ####...
 Mephitic Cloud           Conj/Pois/Air  #.......     100%        3    ####...
 Regeneration             Chrm/Necr      #.........   100%        3    ####...
 Spectral Weapon          Hex/Chrm       #.......     100%        3    ####...


Dungeon Overview and Level Annotations

Branches:
Dungeon (11/15)            Temple (0/1) D:7            Lair (6/6) D:11
  Swamp (0/4) Lair:3       Spider (0/4) Lair:3        Slime (0/5) Lair:5
    Orc (1/2) D:11

Annotations:
D:11 Jorgrun
Lair:6 exclusion: 2 oklob plants


Innate Abilities, Weirdness & Mutations

You have an increased reservoir of magic. (+10% MP)


Message History

You slash Jorgrun! You burn Jorgrun.
Jorgrun is heavily wounded.
You block Jorgrun's attack.
* * * LOW HITPOINT WARNING * * *
The grasping roots constrict you!
You hit Jorgrun. You burn Jorgrun.
Jorgrun is severely wounded.
Jorgrun completely misses you.
* * * LOW HITPOINT WARNING * * *
The grasping roots constrict you!
You hit Jorgrun. You burn Jorgrun.
Jorgrun is severely wounded.
Jorgrun gestures at you while chanting.
The wall shatters!
The blast of rock fragments hits you.
* * * LOW HITPOINT WARNING * * *
x2 The grasping roots constrict you!
You feel better.
Jorgrun hits you with a +0 quarterstaff of crushing!
* * * LOW HITPOINT WARNING * * *
You die...

#.##..##.............>....
#.#...##..##..............
#.#.########.......)...##.
#.#....................##.
#.#####'###............##.
#.# #8...8##...........##.
#.# #..(..##.......^...##.
#.# #..>).##.......(...##.
#.# #...g@##...........##.
#.# #8(..8##...........##.
#.##########.....[.....##.
#.##..##..##...........##.
#.##..##..##...........##.
#.##..##..##....(......##.
#.........##..............
#..................[......
##########################


You could see Jorgrun.

Vanquished Creatures
  Rupert (Lair:6)
  Snorg (Lair:6)
  11 hydras
  A two-headed ogre (D:10)
  3 death yaks (Lair:6)
  2 lindwurms (Lair:6)
  Pikel (D:4)
  An orb spider (Lair:3)
  2 cyclopes (D:11)
  An ugly thing (D:11)
  5 black mambas
  2 elephants (Lair:6)
  A torpor snail (Lair:6)
  16 spiny frogs
  5 rime drakes
  7 komodo dragons
  A tengu conjurer (D:10)
  A troll (D:11)
  13 polar bears
  8 hippogriffs
  4 raiju (Lair:6)
  7 dream sheep
  14 blink frogs
  A meliai zombie (D:11)
  A spriggan (Lair:5)
  A vampire (D:9)
  41 yaks
  Eustachio (D:5)
  A wyvern (Lair:1)
  A steam dragon (Lair:3)
  6 basilisks
  Grum (D:9)
  4 wargs (Lair:6)
  A swamp worm (Lair:3)
  17 water moccasins
  13 hell hounds (Lair:6)
  13 porcupines
  A phantom (D:7)
  8 orc warriors
  3 necrophages
  3 ice beasts
  3 sky beasts
  13 black bears
  3 centaurs
  7 ogres
  27 wolves
  16 crocodiles
  2 big kobolds (D:11)
  2 gnoll sergeants (D:11)
  15 bullfrogs
  2 scorpions
  7 wights
  5 killer bees (D:8)
  7 howler monkeys
  2 bullfrog zombies
  2 centaur zombies (D:11)
  A quasit (D:6)
  10 crimson imps
  3 bullfrog skeletons
  3 orc priests
  Crazy Yiuf (D:2)
  5 hounds
  Terence (D:2)
  6 orc wizards
  4 iguanas
  14 worker ants
  Ijyb (D:5)
  3 hound skeletons
  2 worker ant zombies
  6 gnolls
  8 adders
  2 oozes (D:5)
  5 worms
  3 dart slugs
  6 leopard geckos
  27 orcs
  2 ball pythons (D:3)
  9 bats
  3 giant cockroaches
  13 goblins
  4 hobgoblins
  8 jackals
  7 kobolds
  8 quokkas
  2 frilled lizards (D:1)
  2 quokka skeletons
  A quokka zombie (D:5)
  7 rats
  8 fungi
  3 plants
526 creatures vanquished.

Vanquished Creatures (others)
  A slave (D:4)
  A leopard gecko (D:4)
  A ball python (D:4)
  A bush (Lair:2)
  8 fungi
  20 plants
32 creatures vanquished.

Grand Total: 558 creatures vanquished

Notes
Turn   | Place    | Note
-------+----------+-------------------------------------------
     0 | D:1      | Inarius the Demigod Fighter began the quest for the Orb.
     0 | D:1      | Reached XP level 1. HP: 18/18 MP: 3/3
   208 | D:1      | Reached skill level 2 in Axes
   492 | D:1      | Reached XP level 2. HP: 25/25 MP: 4/4
  1245 | D:2      | Reached XP level 3. HP: 27/30 MP: 5/5
  1890 | D:2      | Reached skill level 3 in Axes
  1890 | D:2      | Reached XP level 4. HP: 24/37 MP: 6/6
  2144 | D:2      | Found a runed translucent door.
  2145 | D:2      | Noticed Crazy Yiuf
  2182 | D:2      | Noticed Terence
  2197 | D:2      | Killed Terence
  2464 | D:2      | Killed Crazy Yiuf
  3005 | D:3      | Reached XP level 5. HP: 42/45 MP: 7/7
  3644 | D:4      | Noticed a slave
  3644 | D:4      | Noticed a slave
  3653 | D:4      | Noticed Pikel
  3675 | D:4      | Noticed a slave
  3679 | D:4      | Noticed a slave
  3690 | D:4      | Killed Pikel
  3690 | D:4      | Reached skill level 5 in Axes
  3690 | D:4      | Reached skill level 1 in Evocations
  3690 | D:4      | Reached XP level 6. HP: 38/51 MP: 7/9
  3690 | D:4      | Reached XP level 7. HP: 43/57 MP: 7/10
  4367 | D:4      | Found a stormy altar of Qazlal.
  4601 | D:5      | Entered Level 5 of the Dungeon
  4601 | D:5      | Noticed Eustachio
  4693 | D:5      | Found a burning altar of Makhleb.
  4966 | D:5      | Reached skill level 6 in Axes
  5007 | D:5      | Killed Eustachio
  5111 | D:5      | Noticed Ijyb
  5124 | D:5      | Killed Ijyb
  5252 | D:5      | Found a radiant altar of Vehumet.
  5255 | D:5      | Reached XP level 8. HP: 64/64 MP: 12/12
  5332 | D:5      | Found a shimmering altar of Xom.
  5524 | D:5      | Reached skill level 7 in Axes
  5792 | D:6      | Found a sacrificial altar of Ru.
  5792 | D:6      | Found a hide-covered altar of Uskayaw.
  7022 | D:7      | Reached skill level 8 in Axes
  7034 | D:7      | Reached skill level 5 in Armour
  7337 | D:7      | Reached XP level 9. HP: 71/71 MP: 14/14
  7360 | D:7      | Found a basalt altar of Yredelemnul.
  7543 | D:7      | Found a staircase to the Ecumenical Temple.
  8231 | D:8      | Found a snail-covered altar of Cheibriados.
  8246 | D:8      | Reached skill level 5 in Shields
  8335 | D:8      | Reached skill level 9 in Axes
  8507 | D:8      | Found an ornate altar of the Wu Jian Council.
  8929 | D:9      | Noticed Grum
  8955 | D:9      | Killed Grum
  9092 | D:9      | Reached skill level 10 in Axes
  9126 | D:9      | Reached XP level 10. HP: 73/80 MP: 16/16
  9230 | D:9      | Found a glowing golden altar of the Shining One.
  9835 | D:10     | Entered Level 10 of the Dungeon
 10160 | D:10     | Noticed a two-headed ogre
 10164 | D:10     | Killed a two-headed ogre
 10164 | D:10     | Reached skill level 5 in Fighting
 10164 | D:10     | Reached skill level 5 in Evocations
 10699 | D:10     | Got an iridescent great sword
 10707 | D:10     | Identified the +3 great sword of Kolead {slice, rF+ rC-
                  | Str+2} (You found it on level 10 of the Dungeon)
 11094 | D:11     | Noticed a cyclops
 11130 | D:11     | Killed a cyclops
 11130 | D:11     | Reached skill level 11 in Axes
 11252 | D:11     | Noticed a white ugly thing
 11269 | D:11     | Killed a green ugly thing
 11482 | D:11     | Noticed a cyclops
 11498 | D:11     | Killed a cyclops
 12000 | D:11     | Found a staircase to the Lair.
 12657 | D:11     | Reached XP level 11. HP: 72/89 MP: 18/18
 12770 | D:11     | Found a staircase to the Orcish Mines.
 12810 | Lair:1   | Entered Level 1 of the Lair of Beasts
 13035 | Lair:1   | Noticed a four-headed hydra
 13045 | Lair:1   | Killed a four-headed hydra
 13509 | Lair:1   | Reached skill level 12 in Axes
 15399 | Lair:3   | Found a hole to the Spider Nest.
 15591 | Lair:3   | Reached XP level 12. HP: 80/97 MP: 20/20
 16424 | Lair:3   | Reached skill level 13 in Axes
 16634 | Lair:3   | Noticed an eight-headed hydra
 16645 | Lair:3   | Killed a four-headed hydra
 16743 | Lair:3   | Noticed a five-headed hydra
 16755 | Lair:3   | Killed a one-headed hydra
 16841 | Lair:3   | Found a staircase to the Swamp.
 17102 | Lair:4   | Noticed a seven-headed hydra
 17160 | Lair:4   | Killed a two-headed hydra
 18902 | Lair:5   | Noticed a four-headed hydra
 18911 | Lair:5   | Killed a one-headed hydra
 19002 | Lair:5   | Noticed an eight-headed hydra
 19016 | Lair:5   | Killed a three-headed hydra
 19016 | Lair:5   | Reached skill level 14 in Axes
 19058 | Lair:5   | Reached XP level 13. HP: 16/105 MP: 22/22
 19557 | Lair:5   | Found a viscous altar of Jiyva.
 19558 | Lair:5   | Found a staircase to the Slime Pits.
 20314 | Lair:6   | Entered Level 6 of the Lair of Beasts
 20626 | Lair:6   | Noticed Snorg
 20818 | Lair:6   | Killed Snorg
 21327 | Lair:6   | Reached skill level 15 in Axes
 22558 | Lair:6   | Reached XP level 14. HP: 89/115 MP: 24/24
 23264 | Lair:6   | Noticed Rupert
 23278 | Lair:6   | Killed Rupert
 23324 | Lair:6   | Found the +9 sword of Zonguldrok {reap}
 23513 | Orc:1    | Entered Level 1 of the Orcish Mines
 23514 | Orc:1    | Noticed Jorgrun
 23537 | D:11     | HP: 1/116 [Jorgrun/+0 quarterstaff of crushing (10)]
 23538 | D:11     | Slain by Jorgrun

Levels and vault maps discovered:
D:1:      eino_arrival_tree_alley, layout_basic
D:2:      layout_basic, first_ration, uniq_crazy_yiuf_cottage, uniq_terence
D:3:      layout_loops_ring, minmay_bisected
D:4:      layout_loops_ring, nicolae_qazlal_general_emergency, uniq_pikel
D:5:      layout_loops_ring, led_xom_imps, marbit_many_paths, lemuel_tele_altar,
          uniq_ijyb, uniq_eustachio
D:6:      layout_loops_ring, chequers_temple_overflow_statue_of_worship
D:7:      layout_loops_cross, yredelemnul_altar_generic,
          minmay_temple_entry_fiery
D:8:      layout_basic, cheibriados_altar_1, lemuel_doored_altar
D:9:      layout_irregular_city, nicolae_overflow_crystal_walls, uniq_grum
D:10:     layout_irregular_city, grunt_tengu_nest, grunt_decor_resistance
D:11:     layout_long_grid, lair_entry_dummy,
          kennysheep_orc_monster_closet_entryway
Lair:1:   layout_roguey, small_statue_intersection, serial_bayou_shore_a
Lair:2:   layout_cave_shapes, cheibrodos_lair_reptile_den
Lair:3:   layout_layer_cave, palyth_hydra_swamp_entry,
          nicolae_spider_entry_orb_guardian, serial_bayou_lagoon_b
Lair:4:   layout_gridlike, grunt_megastairs_1
Lair:5:   layout_loops_ring, slime_altar_1, st_stairs_6, forest_entry_grove,
          grunt_megastairs_3, infiniplex_staircase_pool_2
Lair:6:   hangedman_lair_in_review, layout_gridlike,
          hangedman_lair_caniforms_friends, minmay_lair_oklob_chamber,
          uniq_rupert, uniq_snorg
Orc:1:    layout_diamond_mine, uniq_jorgrun

Skill      XL: |  1  2  3  4  5  6  7  8  9 10 11 12 13 |
---------------+----------------------------------------+-----
Axes           | 2 3 5 6 8 10 11 12 14 15 | 15.8
Armour         | 3 4 5 6 7 8 |  8.4
Shields        | 3 4 5 6 7 8 9 |  9.7
Fighting       | 3 4 5 6 7 8 |  8.4
Evocations     | 1 2 3 4 5 7 8 9 |  9.2
Maces & Flails | |  0.2
Throwing       | |  0.9
Dodging        | |  0.8
Stealth        | |  0.5

Action                   |  1- 3 |  4- 6 |  7- 9 | 10-12 | 13-15 || total
-------------------------+-------+-------+-------+-------+-------++-------
Melee: War axe           |   134 |    93 |   532 |       |       ||   759
       Hand axe          |       |       |    58 |   828 |       ||   886
       Mace              |       |       |       |    21 |       ||    21
       Broad axe         |       |       |       |   198 |   445 ||   643
Throw: Javelin           |       |       |       |    15 |       ||    15
Evoke: Wand              |       |       |    16 |    31 |     9 ||    56
  Use: Potion            |       |     2 |       |     1 |     2 ||     5
       Scroll            |       |     4 |     5 |    16 |     4 ||    29
 Stab: Paralysed         |       |       |    17 |       |       ||    17
  Eat: Chunk             |     3 |     6 |    19 |    32 |    15 ||    75
Armor: Scale mail        |    76 |    19 |       |       |       ||    95
       Chain mail        |       |    14 |   328 |    98 |       ||   440
       Skin              |       |    12 |       |    35 |       ||    47
       Plate armour      |       |       |       |   331 |   240 ||   571
Dodge: Dodged            |    53 |    22 |   125 |   167 |   101 ||   468
Block: Shield            |    69 |    37 |   323 |   632 |   374 ||  1435
       Reflection        |       |       |       |     6 |       ||     6

Table legend:
 A = Non-vault XP
 B = Vault XP
 C = Vault XP percentage of total XP
 D = Non-vault monster count
 E = Vault monster count
 F = Vault count percentage of total count
                 A         B        C        D         E       F
            +---------+---------+-------+---------+---------+-------
      Total |   47655 |   36028 |  43.1 |     369 |     146 |  28.3
            +---------+---------+-------+---------+---------+-------
        D:1 |      47 |       0 |   0.0 |      25 |       0 |   0.0
        D:2 |      76 |      78 |  50.6 |      17 |       2 |  10.5
        D:3 |      55 |       7 |  11.3 |      20 |       4 |  16.7
        D:4 |     315 |     607 |  65.8 |      14 |       1 |   6.7
        D:5 |     354 |     471 |  57.1 |      14 |       7 |  33.3
        D:6 |     646 |       0 |   0.0 |      15 |       0 |   0.0
        D:7 |     875 |       0 |   0.0 |      20 |       0 |   0.0
        D:8 |    1762 |       0 |   0.0 |      34 |       0 |   0.0
        D:9 |    1016 |     641 |  38.7 |      20 |       5 |  20.0
       D:10 |    1782 |     723 |  28.9 |      15 |       4 |  21.1
       D:11 |    3015 |    1485 |  33.0 |      21 |      15 |  41.7
     Lair:1 |    5867 |       0 |   0.0 |      22 |       0 |   0.0
     Lair:2 |    3947 |     791 |  16.7 |      19 |       7 |  26.9
     Lair:3 |    6114 |    3102 |  33.7 |      26 |       7 |  21.2
     Lair:4 |    3618 |    1190 |  24.8 |      20 |       2 |   9.1
     Lair:5 |    9965 |    1547 |  13.4 |      32 |      10 |  23.8
     Lair:6 |    8192 |   25386 |  75.6 |      32 |      82 |  71.9
      Orc:1 |       9 |       0 |   0.0 |       3 |       0 |   0.0
            +---------+---------+-------+---------+---------+-------
